 Dungeon Sprint DCSS version 0.20.0-10-g0535bb4 (webtiles) character file.

7121 septik the Bludgeoner (level 11, -7/83 HPs)
             Began as a Gargoyle Fighter on June 4, 2017.
             Was the Champion of Makhleb.
             Mangled by Gastronok (21 damage)
             ... in the Dungeon (Sprint IX: "|||||||||||||||||||||||||||||").
             The game lasted 00:07:52 (837 turns).

septik the Bludgeoner (Gargoyle Fighter)             Turns: 837, Time: 00:07:52

Health: -7/83      AC: 27    Str: 25    XL:     11   Next: 10%
Magic:  11/11      EV:  8    Int:  9    God:    Makhleb [******]
Gold:   34         SH:  9    Dex: 10    Spells: 10/10 levels left

rFire    . . .     SeeInvis .   v - +2 morningstar (protect)
rCold    . . .     Gourm    .   c - +0 shield
rNeg     + . .     Faith    .   s - +2 ring mail
rPois    ∞         Spirit   .   B - +0 helmet
rElec    +         Reflect  .   (no cloak)
rCorr    .         Harm     .   t - +0 pair of gloves
MR       .....     NoTele   +   C - +0 pair of boots
Stlth    ..........             (no amulet)
Regen    0.3/turn               q - +3 ring of strength
MPRegen  0.2/turn               r - +2 ring of protection

@: protection aura, studying Translocations
A: negative energy resistance 1, electricity resistance, unbreathing,
petrification resistance, rot immunity, AC +7
a: Minor Destruction, Lesser Servant of Makhleb, Major Destruction, Greater
Servant of Makhleb, Renounce Religion


You were in the Dungeon.
You worshipped Makhleb.
Makhleb was exalted by your worship.
You were not hungry.

You visited 1 branch You collected 34 gold pieces.

Inventory:

Hand Weapons
 u - a +1 broad axe of freezing
 v - a +2 morningstar of protection (weapon)
Armour
 c - a +0 shield (worn)
 s - a +2 ring mail (worn)
 t - a +0 pair of gloves (worn)
 w - a +0 plate armour
 B - a +0 helmet (worn)
 C - a +0 pair of boots (worn)
Jewellery
 d - an uncursed ring of fire
 q - a +3 ring of strength (left hand)
 r - a +2 ring of protection (right hand)
Wands
 p - a wand of acid (7/15)
Scrolls
 k - 3 scrolls of blinking
 n - 3 scrolls of remove curse
 o - 2 scrolls of amnesia
 x - 4 scrolls of enchant armour
 y - 2 scrolls of fear
Potions
 a - a potion of brilliance
 e - 8 potions of curing
 g - 2 potions of heal wounds
 h - a potion of haste
 i - 4 potions of magic
 j - 3 potions of berserk rage
 m - a potion of invisibility
Books
 b - a manual of Translocations
Comestibles
 f - 13 bread rations
 l - 9 chunks of flesh
 z - 40 fruits
 A - 12 meat rations


   Skills:
 + Level 16.1 Fighting
 - Level 19.6 Maces & Flails
 + Level 4.1 Armour
 + Level 0.8 Dodging
 - Level 3.4 Shields


You had 10 spell levels left.
You didn't know any spells.

Dungeon Overview and Level Annotations

Branches:
Dungeon (1/1)

Altars:
Cheibriados
Dithmenos
Elyvilon
Fedhas
Gozag
Hepliaklqana
Kikubaaqudgha
Makhleb
Nemelex Xobeh
Okawaru
Qazlal
Ru
Sif Muna
Trog
Uskayaw
Vehumet
Xom
Yredelemnul
Zin
The Shining One
Beogh
Jiyva
Lugonu

Annotations:
D Gastronok, Josephine, Maurice


Innate Abilities, Weirdness & Mutations

You are resistant to torment.
Your stone body is resilient. (AC +7)
You are immune to poison.
You resist negative energy. (rN+)
You are resistant to electric shocks. (rElec)
You can survive without breathing.
You are immune to petrification.
You are immune to rotting.


Message History

You hit Gastronok.
Gastronok is lightly wounded.
Maurice mumbles some strange words.
Maurice blinks!
Gastronok bites you!!
You bludgeon Gastronok!!
Gastronok is lightly wounded.
Maurice hits you but does no damage.
You hit Gastronok.
Gastronok is moderately wounded.
Your shield prevents you from hitting Gastronok.
Gastronok is moderately wounded.
You block Maurice's attack. Gastronok bites you!!
* * * LOW HITPOINT WARNING * * *
You impale Gastronok!!
Gastronok is moderately wounded.
You block Maurice's attack.
You bludgeon Gastronok!!
Gastronok is heavily wounded.
You block Maurice's attack. Gastronok bites you!!
You die...

▓▓▓▓▓▓▓▓▓▓▓▓▓▓▓▓▓▓▓▓▓▓▓▓▓▓▓▓▓▓▓▓▓
....[)|..'____.__________________
▓▓▓▓▓▓▓▓▓▓▓▓▓▓▓▓▓▓▓▓▓▓▓▓▓▓▓▓▓▓▓▓▓
.................................
▓▓▓▓▓▓▓▓▓▓▓▓▓▓▓▓▓▓▓▓▓▓▓▓▓▓▓▓▓▓▓▓▓
.........÷...†....%'.........'.÷.
▓▓▓▓▓▓▓▓▓▓▓▓▓▓▓▓▓▓▓▓▓▓▓▓▓▓▓▓▓▓▓▓▓
...............@@w@WWW..w........
▓▓▓▓▓▓▓▓▓▓▓▓▓▓▓▓▓▓▓▓▓▓▓▓▓▓▓▓▓▓▓▓▓


You could see Gastronok, Josephine, Maurice and 3 wraiths.

Vanquished Creatures
  A dire elephant (D)
  A deep elf mage (D)
  A cyclops (D)
  7 elephants (D)
  2 spiny frogs (D)
  A polar bear (D)
  4 hippogriffs (D)
  A shadow (D)
  A wraith (D)
  2 water moccasins (D)
  5 porcupines (D)
  2 orc warriors (D)
  A wolf (D)
  2 crocodiles (D)
  3 bullfrogs (D)
  A scorpion (D)
  An orc wizard (D)
  A leopard gecko (D)
  2 orcs (D)
  A bat zombie (D)
  A giant cockroach (D)
  A hobgoblin (D)
  A quokka (D)
  A jackal skeleton (D)
  4 rats (D)
48 creatures vanquished.

Vanquished Creatures (others)
  An orc wizard (D)
1 creature vanquished.

Grand Total: 49 creatures vanquished

Notes
Turn   | Place    | Note
-------+----------+-------------------------------------------
     0 | D        | septik the Gargoyle Fighter began the quest for the Orb.
     0 | D        | Reached XP level 1. HP: 14/14 MP: 1/1
    44 | D        | Noticed an orc wizard
    44 | D        | Noticed an orc wizard
    44 | D        | Noticed a scorpion
    48 | D        | Killed a scorpion
    48 | D        | Reached skill level 5 in Fighting
    48 | D        | Reached skill level 5 in Maces & Flails
    48 | D        | Reached XP level 2. HP: 21/21 MP: 2/2
    48 | D        | Reached XP level 3. HP: 26/26 MP: 3/3
    56 | D        | Reached skill level 6 in Maces & Flails
    62 | D        | Reached XP level 4. HP: 28/32 MP: 4/4
    70 | D        | Reached skill level 7 in Maces & Flails
    87 | D        | Found a roughly hewn altar of Beogh.
    87 | D        | Found a snail-covered altar of Cheibriados.
    87 | D        | Found a shadowy altar of Dithmenos.
    87 | D        | Found a white marble altar of Elyvilon.
    87 | D        | Found a blossoming altar of Fedhas.
    87 | D        | Found an opulent altar of Gozag.
    88 | D        | Found a hazy altar of Hepliaklqana.
    89 | D        | Found a viscous altar of Jiyva.
    90 | D        | Found an ancient bone altar of Kikubaaqudgha.
    91 | D        | Found a corrupted altar of Lugonu.
    92 | D        | Found a burning altar of Makhleb.
    93 | D        | Found a sparkling altar of Nemelex Xobeh.
    94 | D        | Found an iron altar of Okawaru.
    95 | D        | Found a stormy altar of Qazlal.
    96 | D        | Found a sacrificial altar of Ru.
    97 | D        | Found a deep blue altar of Sif Muna.
    98 | D        | Found a bloodstained altar of Trog.
    99 | D        | Found a hide-covered altar of Uskayaw.
   100 | D        | Found a radiant altar of Vehumet.
   102 | D        | Found a shimmering altar of Xom.
   103 | D        | Found a basalt altar of Yredelemnul.
   104 | D        | Found a glowing silver altar of Zin.
   105 | D        | Found a glowing golden altar of the Shining One.
   120 | D        | Became a worshipper of Makhleb the Destroyer
   190 | D        | Noticed a hippogriff
   190 | D        | Noticed an orc warrior
   198 | D        | Reached * piety under Makhleb
   201 | D        | Killed an orc warrior
   201 | D        | Reached skill level 9 in Maces & Flails
   201 | D        | Reached XP level 5. HP: 39/39 MP: 5/5
   210 | D        | Killed a hippogriff
   210 | D        | Reached skill level 11 in Maces & Flails
   210 | D        | Reached XP level 6. HP: 34/46 MP: 6/6
   211 | D        | Reached ** piety under Makhleb
   279 | D        | Noticed a shadow
   279 | D        | Noticed a cyclops
   279 | D        | Noticed an orc warrior
   279 | D        | Noticed a deep elf mage
   280 | D        | Noticed a redback
   296 | D        | Killed a deep elf mage
   296 | D        | Reached skill level 13 in Maces & Flails
   296 | D        | Reached XP level 7. HP: 36/54 MP: 7/7
   299 | D        | Reached XP level 8. HP: 38/60 MP: 8/8
   303 | D        | Killed a cyclops
   303 | D        | Reached *** piety under Makhleb
   303 | D        | Reached skill level 14 in Maces & Flails
   305 | D        | Killed a shadow
   478 | D        | Noticed a hippogriff
   483 | D        | Reached **** piety under Makhleb
   483 | D        | Reached skill level 15 in Maces & Flails
   489 | D        | Reached XP level 9. HP: 66/66 MP: 9/9
   506 | D        | Reached ***** piety under Makhleb
   519 | D        | Reached skill level 16 in Maces & Flails
   537 | D        | Noticed a spiny frog
   537 | D        | Noticed a polar bear
   544 | D        | Noticed a spiny frog
   550 | D        | Killed a polar bear
   556 | D        | Killed a spiny frog
   556 | D        | Reached skill level 17 in Maces & Flails
   561 | D        | Reached XP level 10. HP: 68/75 MP: 10/10
   565 | D        | Reached ****** piety under Makhleb
   570 | D        | Killed a spiny frog
   596 | D        | Noticed an elephant
   596 | D        | Noticed an elephant
   596 | D        | Noticed an elephant
   596 | D        | Noticed an elephant
   596 | D        | Noticed an elephant
   596 | D        | Noticed an elephant
   603 | D        | Killed an elephant
   606 | D        | Noticed an elephant
   613 | D        | Killed an elephant
   613 | D        | Reached skill level 18 in Maces & Flails
   620 | D        | Killed an elephant
   620 | D        | Reached skill level 15 in Fighting
   631 | D        | Killed an elephant
   634 | D        | Killed an elephant
   638 | D        | Killed an elephant
   638 | D        | Reached skill level 19 in Maces & Flails
   648 | D        | Killed an elephant
   662 | D        | Noticed a dire elephant
   675 | D        | Killed a dire elephant
   675 | D        | Reached XP level 11. HP: 71/83 MP: 11/11
   779 | D        | Noticed Gastronok
   780 | D        | Noticed Josephine
   828 | D        | Noticed Maurice
   837 | D        | Mangled by Gastronok

Skill      XL: |  1  2  3  4  5  6  7  8  9 10 11 |
---------------+----------------------------------+-----
Fighting       | 5 7 9 11 12 14 16 | 16.1
Maces & Flails | 5 6 9 11 13 15 17 19 | 19.6
Armour         | 4 |  4.1
Dodging        | |  0.8
Shields        | |  3.4

Action                   |  1- 3 |  4- 6 |  7- 9 | 10-12 || total
-------------------------+-------+-------+-------+-------++-------
Melee: Flail             |    41 |    11 |       |       ||    52
       Morningstar       |       |    33 |    71 |    88 ||   192
  Use: Potion            |       |       |       |     2 ||     2
Armor: Scale mail        |    13 |     4 |       |       ||    17
       Ring mail         |       |    30 |    31 |    25 ||    86
Dodge: Dodged            |    12 |    16 |    14 |    16 ||    58
Block: Shield            |    20 |    16 |    21 |    38 ||    95
